 Dungeon Crawl Stone Soup version 0.31.0-11-ge490571c62 (webtiles) character file.

Game seed: 18391220311630084129

9946 Monkooky the Basher (level 11, -9/97 HPs)
             Began as an Armataur Wanderer on Jan 31, 2024.
             Was an Elder of Wu Jian.
             Killed from afar by a deep elf pyromancer (12 damage)
             ... with a bolt of fire
             ... on level 12 of the Dungeon on Feb 1, 2024.
             The game lasted 00:33:24 (12694 turns).

Monkooky the Basher (Armataur Wanderer)            Turns: 12694, Time: 00:33:26

Health: -9/97      AC: 10    Str: 17    XL:     11   Next: 29%
Magic:  13/13      EV:  7    Int: 13    God:    Wu Jian [****..]
Gold:   741        SH:  0    Dex: 14    Spells: 12/12 levels left

rFire   + + .        s - +0 flail
rCold   + . .        (no shield)
rNeg    . . .        M - +0 scale mail "Ogyjunywn" {Rampage rC+ rCorr}
rPois   .            (no helmet)
rElec   .            y - +0 cloak
rCorr   +            c - +1 pair of gloves
SInv    .            (no barding)
Will    .....        (no amulet)
Stlth   +            b - ring of protection from fire
HPRegen 2.31/turn    x - ring of protection from fire
MPRegen 1.12/turn

%: roll
@: exhausted
A: large, deformed body, tough skin 3, armoured tail, roll 2, stinger 1, high MP
1, wild magic 1
a: Renounce Religion, Wall Jump, Serpent's Lash


You were on level 12 of the Dungeon.
You worshipped Wu Jian.
Wu Jian was greatly pleased with you.
You visited 1 branch of the dungeon, and saw 12 of its levels.

You collected 741 gold pieces.

Inventory:

Hand Weapons
 a - a +3 dagger
 s - a +0 flail (weapon)
 t - a +1 whip of holy wrath
Missiles
 m - 18 poisoned darts (quivered)
Armour
 c - a +1 pair of gloves (worn)
 e - a +0 leather armour
 k - a +0 plate armour
 l - a +0 ring mail of cold resistance
 y - a +0 cloak (worn)
 F - a +0 buckler
 M - the +0 scale mail "Ogyjunywn" (worn) {Rampage rC+ rCorr}
   (You found it on level 8 of the Dungeon)

   rC+:       It protects you from cold.
   rCorr:     It protects you from acid and corrosion.
   Rampage:   It bestows one free step when moving towards enemies.
Jewellery
 b - a ring of protection from fire (left hand)
 i - a ring of see invisible
 q - a ring of willpower
 w - a ring of magical power
 x - a ring of protection from fire (right hand)
 D - a ring of protection from cold
 G - a ring of protection from cold
 K - a ring of protection from fire
 Q - a +6 ring of dexterity
Wands
 o - a wand of charming (8)
 J - a wand of roots (2)
 R - a wand of flame (5)
Scrolls
 f - 5 scrolls of teleportation
 h - 2 scrolls of amnesia
 j - a scroll of vulnerability
 n - 5 scrolls of blinking
 p - a scroll of revelation
 u - 4 scrolls of silence
 z - 2 scrolls of enchant armour
 B - 2 scrolls of enchant weapon {unknown}
 I - a scroll of noise
 L - a scroll of immolation {unknown}
 N - a scroll of fog
Potions
 d - 6 potions of haste
 g - 3 potions of attraction
 r - a potion of mutation
 A - a potion of lignification {unknown}
 C - a potion of resistance {unknown}
 H - a potion of brilliance {unknown}
 O - a potion of berserk rage {unknown}
 S - a potion of might {unknown}
Miscellaneous
 P - a phial of floods


   Skills:
 + Level 9.4 Fighting
 + Level 12.6 Maces & Flails
 - Level 1.0 Throwing
 - Level 4.7 Armour
 - Level 1.0 Dodging
 - Level 3.2 Stealth
 - Level 1.0 Spellcasting
 - Level 4.0 Evocations


You had 12 spell levels left.
You didn't know any spells.
Your spell library contained the following spells:

 Spells                   Type           Power      Damage    Failure   Level
 Foxfire                  Conj/Fire      0%         2x1d4     73%         1
 Kiss of Death            Conj/Necr      0%         2d5       73%         1
 Sandblast                Erth           0%         2d4       73%         1
 Confusing Touch          Hex            0%         N/A       97%         3
 Hailstorm                Conj/Ice       0%         3d5       97%         3
 Inner Flame              Hex/Fire       0%         N/A       97%         3
 Passwall                 Erth           0%         N/A       97%         3
 Stone Arrow              Conj/Erth      0%         3d7       97%         3
 Summon Ice Beast         Ice/Summ       0%         N/A       97%         3
 Tukima's Dance           Hex            0%         N/A       97%         3
 Brom's Barrelling Bould  Conj/Erth      0%         2d3       100%        4
 Dimensional Bullseye     Hex/Tloc       0%         N/A       100%        4
 Dispel Undead            Necr           0%         3d6       100%        4
 Ignite Poison            Fire/Alch      0%         N/A       100%        4
 Iskenderun's Mystic Bla  Conj/Tloc      0%         2d3       100%        4
 Sticky Flame             Fire/Alch      0%         2d4       100%        4
 Irradiate                Conj/Alch      0%         3d11      100%        5
 Sculpt Simulacrum        Ice/Alch       0%         N/A       100%        6
 Ignition                 Fire           0%         3d3       100%        8


Dungeon Overview and Level Annotations

Branches:
Dungeon (12/15)            Temple (0/1) D:5            Lair (0/5) D:10
    Orc: D:9-12

Altars:
Ashenzari
Cheibriados
Elyvilon
Hepliaklqana
Okawaru
Uskayaw
Vehumet
Wu Jian
Yredelemnul
Zin

Annotations:
D:7 3 runed translucent doors, SmokeWeed's ghost, novice OpEn


Innate Abilities, Weirdness & Mutations

Armour fits poorly on your strangely shaped body.
You have extremely tough skin. (AC +3)
You have a long armoured tail.
You regenerate magic and health when rolling toward enemies. (Rampage Regen)
Your tail ends in a venomous barb.
You have an increased reservoir of magic. (+10% MP)
Your spells are a little harder to cast, but a little more powerful.


Message History

* * * LOW HITPOINT WARNING * * *
x - a ring of protection from fire (right hand)
Okay, then.
Aiming: Quicksilver Bolt
Press: ? - help, Shift-Dir - straight line, f - deep elf pyromancer
Aim: a deep elf pyromancer, wielding a +0 dagger and wearing a +0 ring mail (moderately wounded, 67% to hit)
The bolt of dispelling energy hits the fire elemental!!
The fire elemental is almost destroyed.
The bolt of dispelling energy hits the fire elemental!
The fire elemental is heavily damaged.
The bolt of dispelling energy hits the deep elf pyromancer!
The deep elf pyromancer is severely wounded.
The fire elemental hits you.
* * * LOW HITPOINT WARNING * * *
The fire elemental burns you! You resist.
* * * LOW HITPOINT WARNING * * *
The fire elemental hits you. The fire elemental burns you! You resist.
* * * LOW HITPOINT WARNING * * *
Aiming: Quicksilver Bolt
Press: ? - help, Shift-Dir - straight line, f - fire elemental
Aim: a fire elemental (heavily damaged, summoned, 67% to hit)
The bolt of dispelling energy misses the fire elemental.
The bolt of dispelling energy hits the fire elemental!!
You destroy the fire elemental!
The fire elemental disappears in a puff of smoke!
The now-empty wand crumbles to dust.
The fire elemental barely misses you.
Unknown command.
Aiming: Fastroot
Press: ? - help, Shift-Dir - straight line, f - deep elf pyromancer
Aim: a deep elf pyromancer, wielding a +0 dagger and wearing a +0 ring mail (blue smoke, severely wounded)
The roots erupt in riotous growth!
The fire elemental is unaffected. x2
Roots grab the deep elf pyromancer.
The grasping roots constrict the deep elf pyromancer.
You hear a shout! x3; You hear two shouts!
The fire elemental hits you. The fire elemental burns you! You resist.
* * * LOW HITPOINT WARNING * * *
The deep elf pyromancer casts a spell at you.
The bolt of fire hits the fire elemental.
The fire elemental completely resists.
The bolt of fire hits you! You resist.
You die...

#### # . ...
####.# .#
###.##.....#.
.##
#...........$
... .
#.....(......
...T.
#...Ee.......
#....#
####E###..##.
#....##
######@######
......
#.......#..<##
.....
#.......#....#
#..##
###.######..##
#..##.###
#.##.###).##
...+....#
#..........#
...#....+
#..........#
...#....#
#..........#
#..##..#
##...###..##


You could see a deep elf pyromancer (rooted) and 2 fire elementals.

Vanquished Creatures
  A boulder beetle (D:12)
  2 cyclopes
  A gargoyle (D:12)
  An unseen horror (D:11)
  Psyche (D:9)
  2 trolls
  2 hornets (D:9)
  Prince Ribbit (D:9)
  Grinder (D:4)
  2 wraiths
  3 wyverns
  8 yaks
  2 acid dragons
  A water moccasin (D:7)
  3 black bears
  2 orc warriors
  An ice beast (D:7)
  2 elephant zombies (D:6)
  A wolf (D:10)
  An ogre (D:4)
  2 kobold brigands
  3 centaurs (D:11)
  3 phantoms
  4 bullfrogs
  An elf zombie (D:6)
  2 gnoll sergeants
  2 scorpions
  18 killer bees
  4 howler monkeys (D:7)
  2 centaur zombies (D:6)
  10 hounds
  6 orc priests
  A sleepcap (D:7)
  A gnoll bouda (D:6)
  An iguana (D:6)
  7 orc wizards
  Natasha (twice) (D:2)
  A scorpion zombie (D:6)
  A killer bee zombie (D:6)
  4 hound zombies (D:6)
  2 howler monkey zombies (D:6)
  21 gnolls
  13 adders
  A shadow imp (D:8)
  A white imp (D:7)
  2 adder zombies (D:6)
  3 dart slugs
  11 ribbon worms
  20 orcs
  11 endoplasms
  2 giant cockroaches
  3 goblins
  3 hobgoblins (D:4)
  3 jackals (D:4)
  17 kobolds
  5 quokkas
  4 ball pythons
  3 bats
  4 frilled lizards
  5 rats
247 creatures vanquished.

Vanquished Creatures (collateral kills)
  A gnoll (D:3)
1 creature vanquished.

Vanquished Creatures (others)
  A gnoll sergeant (D:6)
1 creature vanquished.

Grand Total: 249 creatures vanquished

Notes
Turn   | Place    | Note
-------+----------+-------------------------------------------
     0 | D:1      | Monkooky the Armataur Wanderer began the quest for the Orb.
     0 | D:1      | Monkooky set off with the following items: a +3 dagger, a
                  | scroll of fear, a +0 pair of gloves, a potion of haste, a
                  | +0 leather armour.
     0 | D:1      | Reached XP level 1. HP: 18/18 MP: 2/2
   640 | D:1      | Reached XP level 2. HP: 26/26 MP: 3/3
  1156 | D:2      | Reached XP level 3. HP: 26/31 MP: 4/4
  1162 | D:2      | Found a faded altar of an unknown god.
  1170 | D:2      | Got Plato's Monograph on Embers
  1171 | D:2      | Prayed at the altar of an unknown god.
  1171 | D:2      | Became a worshipper of the Wu Jian Council
  1171 | D:2      | Reached * piety under Wu Jian
  1556 | D:2      | Noticed Natasha
  1558 | D:2      | Killed Natasha
  1786 | D:2      | Noticed Natasha
  1807 | D:2      | Killed Natasha
  1808 | D:2      | Reached XP level 4. HP: 27/40 MP: 5/5
  2412 | D:3      | Reached XP level 5. HP: 29/46 MP: 6/6
  2418 | D:3      | Reached ** piety under Wu Jian
  2599 | D:3      | Found a broken altar of Ashenzari.
  2861 | D:4      | Noticed Grinder
  2878 | D:4      | Killed Grinder
  2879 | D:4      | Reached skill level 3 in Maces & Flails
  2879 | D:4      | Reached XP level 6. HP: 29/53 MP: 7/7
  3215 | D:4      | Reached skill level 4 in Maces & Flails
  3413 | D:4      | Found a hide-covered altar of Uskayaw.
  3841 | D:4      | Gained mutation: You regenerate magic and health when
                  | rolling toward enemies. (Rampage Regen) [Armataur growth]
  3841 | D:4      | Reached XP level 7. HP: 39/60 MP: 8/8
  3973 | D:5      | Entered Level 5 of the Dungeon
  4047 | D:5      | Reached skill level 5 in Maces & Flails
  4474 | D:5      | Found an ornate altar of the Wu Jian Council.
  4571 | D:5      | Found a staircase to the Ecumenical Temple.
  4588 | D:5      | Reached skill level 6 in Maces & Flails
  5318 | D:6      | Reached XP level 8. HP: 37/67 MP: 9/9
  5423 | D:6      | Found a basalt altar of Yredelemnul.
  5492 | D:6      | Reached *** piety under Wu Jian
  5493 | D:6      | Reached skill level 7 in Maces & Flails
  5724 | D:6      | Reached skill level 8 in Maces & Flails
  6335 | D:6      | Reached skill level 9 in Maces & Flails
  6529 | D:6      | Reached XP level 9. HP: 61/72 MP: 10/10
  6627 | D:6      | Identified the +0 scimitar of the Forgotten Invaders
                  | {venom, rF+ rC+ Int+2}
  6863 | D:7      | Reached skill level 1 in Evocations
  7120 | D:7      | Found a runed translucent gate.
  7120 | D:7      | Found a runed translucent gate.
  7122 | D:7      | Found a runed translucent gate.
  7124 | D:7      | Noticed SmokeWeed's ghost (novice OpEn)
  7475 | D:7      | Reached **** piety under Wu Jian
  7568 | D:7      | Found a snail-covered altar of Cheibriados.
  7569 | D:7      | Found an iron altar of Okawaru.
  7672 | D:8      | Identified the +0 scale mail "Ogyjunywn" {Rampage rC+
                  | rCorr}
  7772 | D:8      | Reached skill level 5 in Fighting
  7772 | D:8      | Reached skill level 10 in Maces & Flails
  8560 | D:9      | Noticed Psyche
  8570 | D:9      | Killed Psyche
  8724 | D:9      | Paralysed by a hornet for 3 turns
  8728 | D:9      | Paralysed by a hornet for 1 turns
  9007 | D:9      | Reached XP level 10. HP: 83/83 MP: 11/11
  9090 | D:9      | Noticed Prince Ribbit
  9628 | D:9      | Killed Prince Ribbit
  9911 | D:10     | Entered Level 10 of the Dungeon
  9915 | D:10     | Found a glowing silver altar of Zin.
  9915 | D:10     | Found a radiant altar of Vehumet.
  9915 | D:10     | Found a white marble altar of Elyvilon.
  9915 | D:10     | Found a hazy altar of Hepliaklqana.
  9935 | D:10     | Reached skill level 11 in Maces & Flails
  9950 | D:10     | HP: 4/84 [killer bee (8)]
 10250 | D:10     | Gained mutation: Your tail ends in a venomous barb. [potion
                  | of mutation]
 10250 | D:10     | Gained mutation: You have an increased reservoir of magic.
                  | (+10% MP) [potion of mutation]
 10250 | D:10     | Gained mutation: Your spells are a little harder to cast,
                  | but a little more powerful. [potion of mutation]
 10548 | D:10     | HP: 3/88 [wraith (9)]
 10786 | D:10     | Found a staircase to the Lair.
 11062 | D:10     | Noticed a cyclops
 11071 | D:10     | Killed a cyclops
 11363 | D:11     | Reached skill level 12 in Maces & Flails
 11394 | D:11     | Reached XP level 11. HP: 48/95 MP: 13/13
 11585 | D:11     | Reached ***** piety under Wu Jian
 12669 | D:12     | Noticed a boulder beetle
 12672 | D:12     | Noticed a deep elf pyromancer
 12685 | D:12     | Killed a boulder beetle
 12688 | D:12     | HP: 2/97 [fire elemental[a deep elf pyromancer] (6)]
 12694 | D:12     | HP: 3/97 [fire elemental[a deep elf pyromancer] (3)]
 12694 | D:12     | Killed from afar by a deep elf pyromancer

Illustrated notes

Levels and vault maps discovered:
D:1:      eino_arrival_tree_alley, layout_loops_cross
D:2:      layout_loops_corners, shapermc_ecumenical_altar_rom_forum,
          serial_co_window_serial, co_window_cross_1,
          co_window_of_opportunity_a, co_window_paths_b,
          co_window_of_opportunity_a, co_window_paths_a, co_window_paths_b,
          co_window_paths_a, co_window_corner_b, co_window_paths_c,
          co_window_corner_cb, co_window_2corner, co_window_4corner_a,
          glass_columns_a, glass_columns_a, minmay_pentomino_w2, uniq_natasha
D:3:      layout_basic, old_standard_altar
D:4:      minmay_inner_zag, layout_basic, mainiacjoe_overflow_24_doors,
          nicolae_wormholes, uniq_grinder
D:5:      layout_cave_pods, nicolae_wu_jian_wuxing_cycle,
          minmay_temple_entry_hall, serial_column_ruins,
          column_ruins_open_small, column_ruins_grid_4, column_ruins_grid_1,
          column_ruins_corridor_dead_end, column_ruins_columns_corner,
          column_ruins_open_tiny, column_ruins_columns_T, grunt_ministairs_7
D:6:      layout_basic, roadster_capsule_ark_zombie
D:7:      nicolae_BIG_FREAKIN_CUBE, layout_basic,
          gammafunk_temple_overflow_pools, ebering_ghost_rock_garden,
          eino_tiny_chamber
D:8:      layout_loops_ring, patterned_corridor
D:9:      layout_irregular_city, dreamdust_princess_bridge, serial_bayou_pond_a,
          uniq_psyche, uniq_prince_ribbit1
D:10:     layout_loops_ring, chequers_temple_overflow_statue_of_worship,
          erik_lair_island, corexii_corridor_pit
D:11:     layout_loops_ring
D:12:     layout_gridville, minmay_orc_entry_guard_dogs, nicolae_doodle_vault

Skill      XL: |  1  2  3  4  5  6  7  8  9 10 11 |
---------------+----------------------------------+-----
Fighting       | 3 4 6 8 9 |  9.4
Armour         | 2 3 4 |  4.7
Maces & Flails | 3 4 6 9 10 12 | 12.6
Evocations     | 4 |  4.0
Throwing       | |  1.0
Dodging        | |  1.0
Stealth        | |  3.2
Spellcasting   | |  1.0

Action                     |  1- 3 |  4- 6 |  7- 9 | 10-12 || total
---------------------------+-------+-------+-------+-------++-------
  Melee: Dagger            |    76 |    89 |       |       ||   165
         Tailslap          |     7 |    31 |    81 |    64 ||   183
         Unarmed           |    14 |       |       |       ||    14
         Punch             |       |     1 |    12 |     3 ||    16
         Whip              |       |    81 |   140 |       ||   221
         Flail             |       |       |   466 |   347 ||   813
  Throw: Dart              |       |       |     3 |     2 ||     5
 Invoke: Serpent's Lash    |       |       |       |     3 ||     3
Ability: Lunge             |     8 |    24 |    55 |    34 ||   121
         Whirlwind         |       |     3 |    58 |    23 ||    84
         Wall Jump         |       |     1 |     3 |     2 ||     6
  Evoke: Wand              |       |     4 |     9 |    16 ||    29
    Use: Potion            |     1 |       |     6 |     9 ||    16
         Scroll            |       |     2 |     4 |     5 ||    11
   Stab: Sleeping          |     6 |    15 |     6 |     2 ||    29
         Betrayed ally     |       |     1 |       |       ||     1
         Distracted        |       |       |     1 |       ||     1
 Armour: Leather armour    |     8 |       |       |       ||     8
         Plate armour      |     1 |       |       |       ||     1
         Ring mail         |    34 |    84 |   434 |       ||   552
         Skin              |     5 |       |       |       ||     5
         Scale mail        |       |       |    93 |   285 ||   378
  Dodge: Dodged            |    27 |    44 |   193 |   121 ||   385
